 Dungeon Crawl Stone Soup version 0.22.1-1-ga44c0e56f4 (webtiles) character file.

415 Gargoyl the Chopper (level 6, -4/52 HPs)
             Began as a Centaur Abyssal Knight on Nov 7, 2018.
             Was a Believer of Lugonu.
             Killed by divine providence
             ... invoked by an orc priest
              (12 damage)
             ... on level 5 of the Dungeon.
             The game lasted 00:06:48 (4185 turns).

Gargoyl the Chopper (Centaur Abyssal Knight)        Turns: 4185, Time: 00:06:49

Health: -4/52      AC: 14    Str: 12 (15) XL:     6   Next: 60%
Magic:  8/8        EV:  3    Int: 11 (13) God:    Lugonu [**....]
Gold:   106        SH:  4    Dex:  8 (10) Spells: 5/5 levels left

rFire    . . .     SeeInvis .   a - +1 hand axe
rCold    . . .     Gourm    .   m - +1 buckler
rNeg     . . .     Faith    .   d - +0 chain mail
rPois    .         Spirit   .   k - +1 helmet
rElec    .         Reflect  .   o - +0 cloak (curse)
rCorr    .         Harm     .   e - +2 pair of gloves
MR       .....                  (no barding)
Stlth    ..........             (no amulet)
HPRegen  0.17/turn              f - ring of attention
MPRegen  0.11/turn              (no ring)

@: very quick
A: large, hooves 3, blurry vision 1, clever 1, deformed body, speed 2, tough
skin 3
a: Depart the Abyss, Bend Space, Renounce Religion


You were on level 5 of the Dungeon.
You worshipped Lugonu.
Lugonu was pleased with you.
You were not hungry.

You visited 1 branch of the dungeon, and saw 6 of its levels.
You visited the Abyss 1 time.

You collected 106 gold pieces.

Inventory:

Hand Weapons
 a - a +1 hand axe (weapon)
Missiles
 l - 8 tomahawks (quivered)
Armour
 d - a +0 chain mail (worn)
 e - a +2 pair of gloves (worn)
 k - a +1 helmet (worn)
 m - a +1 buckler (worn)
 o - a cursed +0 cloak (worn)
Jewellery
 f - a ring of attention (left hand)
 n - a cursed ring of teleportation
Wands
 b - a wand of acid (12)
Scrolls
 g - a scroll of magic mapping
 h - 4 scrolls of teleportation
Potions
 q - a potion of curing
Comestibles
 c - 4 rations


   Skills:
 + Level 3.7 Fighting
 + Level 3.8 Axes
 * Level 3.4 Armour
 + Level 1.0 Dodging
 + Level 0.3 Shields
 * Level 3.3 Invocations


You had 5 spell levels left.
You didn't know any spells.
Your spell library was empty.

Dungeon Overview and Level Annotations

Branches:
Dungeon (6/15)
 Temple: D:4-7

Altars:
Gozag
Nemelex Xobeh
Qazlal
Ru
Uskayaw
Yredelemnul
The Shining One

Annotations:
D:4 Zarkath's ghost, amateur DsGl


Innate Abilities, Weirdness & Mutations

You have hooves in place of feet.
Armour fits poorly on your strangely shaped body.
You cover ground very quickly.
You have extremely tough skin. (AC +3)
Scrolls take you a little longer to read.
Your mind is acute. (Int +2)


Message History

The orc priest invokes the aid of Beogh against you.
Pain shoots through your body!
* * * LOW HITPOINT WARNING * * *
You block the orc's attack.
The orc priest casts a cantrip, but nothing happens.
You barely miss the orc priest. Your kick misses the orc priest.
You hit the orc. The orc hits you but does no damage.
The orc priest barely misses you.
Unknown command.
You hit the orc priest but do no damage.
You kick the orc priest, but do no damage.
You hit the orc. The orc barely misses you.
The orc priest calls upon Beogh to heal the orc.
The orc's wounds heal themselves!
Unknown command.
Your shield and chain mail prevent you from hitting the orc priest.
You hit the orc. The orc hits you but does no damage.
The orc priest calls down the wrath of Beogh upon you.
Beogh smites you!
You die...

.. ...# .. ...# ..
####. .... ...
...#.##..###...
.............
.###..#..........
.......o.........
.......@[.##....# .#
.###.#o...##....##.##
.###................# #
.......)............#O#
.....##)>........#.....
.###.##.#.##.....O.....
.......................
......#.#.##...<.......
.###..................#


You could see an orc priest and an orc.

Vanquished Creatures
  An ogre (D:5)
  A necrophage (D:3)
  2 orc priests (D:4)
  A hound (D:3)
  An orc wizard (D:3)
  Robin (D:2)
  3 gnolls (D:2)
  An adder (D:2)
  3 worms
  3 dart slugs
  A leopard gecko (D:1)
  9 orcs
  2 ball pythons
  5 bats
  A giant cockroach (D:3)
  10 goblins
  6 hobgoblins
  3 kobolds
  A quokka (D:2)
  2 frilled lizards (D:1)
  12 rats
69 creatures vanquished.

Notes
Turn   | Place    | Note
-------+----------+-------------------------------------------
     0 | Abyss:1  | Gargoyl the Centaur Abyssal Knight began the quest for the
                  | Orb.
     0 | Abyss:1  | Reached XP level 1. HP: 19/19 MP: 2/2
   176 | Abyss:2  | Found a shimmering altar of Xom.
   177 | Abyss:2  | Noticed a small abomination
   194 | Abyss:3  | Noticed a shadow
   236 | Abyss:3  | Noticed a blink frog
   242 | Abyss:3  | Noticed a thrashing horror
   244 | Abyss:3  | Noticed a starcursed mass
   245 | Abyss:3  | Noticed a fire bat
   247 | D:1      | Escaped the Abyss
   531 | D:1      | Found a glowing golden altar of the Shining One.
   540 | D:1      | Reached * piety under Lugonu
   569 | D:1      | Reached XP level 2. HP: 21/26 MP: 3/3
  1340 | D:2      | Reached XP level 3. HP: 31/31 MP: 4/4
  1694 | D:2      | Reached XP level 4. HP: 34/38 MP: 5/5
  1914 | D:2      | Noticed Robin
  1918 | D:2      | Reached ** piety under Lugonu
  1927 | D:2      | Killed Robin
  1940 | D:2      | Found a hide-covered altar of Uskayaw.
  2535 | D:3      | Reached XP level 5. HP: 30/45 MP: 7/7
  2749 | D:3      | Found a sacrificial altar of Ru.
  2796 | D:3      | Found a runed gate.
  2796 | D:3      | Found a runed gate.
  2800 | D:3      | Found an opulent altar of Gozag.
  2868 | D:3      | Found a runed gate.
  2871 | D:3      | Noticed Zarkath's ghost (amateur DsGl)
  2898 | D:3      | Found a sparkling altar of Nemelex Xobeh.
  2968 | D:3      | Found a glowing golden altar of the Shining One.
  2977 | D:3      | Found a basalt altar of Yredelemnul.
  2977 | D:3      | Noticed a necrophage
  2990 | D:3      | Killed a necrophage
  2991 | D:3      | Noticed a profane servitor
  3263 | D:3      | Reached skill level 1 in Dodging
  3297 | D:3      | Gained mutation: Scrolls take you a little longer to read.
                  | [potion of mutation]
  3297 | D:3      | Gained mutation: Your mind is acute. (Int +2) [potion of
                  | mutation]
  3338 | D:4      | Found a stormy altar of Qazlal.
  3343 | D:4      | Noticed an ogre
  3715 | D:4      | Reached XP level 6. HP: 52/52 MP: 8/8
  3887 | D:4      | Noticed a two-headed ogre
  3917 | D:5      | Entered Level 5 of the Dungeon
  4185 | D:5      | Killed from afar by an orc priest

Skill      XL: |  1  2  3  4  5 |
---------------+----------------+-----
Axes           | 2 3 |  3.8
Armour         | 2 3 |  3.4
Invocations    | 3 |  3.3
Dodging        | 1 |  1.0
Fighting       | |  3.7
Shields        | |  0.3

Action                   |  1- 3 |  4- 6 || total
-------------------------+-------+-------++-------
Melee: Hand axe          |    72 |   199 ||   271
       Kick              |     9 |    37 ||    46
Invok: Depart the Abyss  |     1 |       ||     1
       Bend Space        |       |     1 ||     1
  Use: Scroll            |     1 |    10 ||    11
       Potion            |       |     6 ||     6
  Eat: Chunk             |     1 |     4 ||     5
       Ration            |       |     1 ||     1
Armor: Chain mail        |    64 |   129 ||   193
Dodge: Dodged            |    20 |    27 ||    47
Block: Buckler           |     4 |    35 ||    39
